 Dungeon Crawl Stone Soup version 0.30.1-9-gdf580d7c3d (webtiles) character file.

Game seed: 2401311005269050830

115 monsoonserge the Grasshopper (level 4, -8/34 HPs)
             Began as a Demonspawn Warper on Oct 9, 2023.
             Mangled by Crazy Yiuf
             ... wielding a +3 quarterstaff of chaos
              (19 damage)
             ... on level 3 of the Dungeon.
             The game lasted 00:06:06 (2074 turns).

monsoonserge the Grasshopper (Demonspawn Warper)    Turns: 2074, Time: 00:06:07

Health: -8/34      AC:  5    Str: 11    XL:     4   Next: 68%
Magic:  6/7        EV: 10    Int: 16    God:
Gold:   116        SH:  4    Dex: 13    Spells: 5/7 levels left

rFire   . . .        l - +4 spear
rCold   . . .        (no shield)
rNeg    . . .        f - +0 ring mail
rPois   .            (helmet restricted)
rElec   .            (no cloak)
rCorr   .            (no gloves)
SInv    .            (no boots)
Will    .....        (no amulet)
Stlth   +            (no ring)
HPRegen 0.25/turn    (no ring)
MPRegen 0.10/turn

%: no passive effects
@: lethally poisoned (-8 -> -21)
A: antennae 1, large bone plates 1
a: no special abilities


You were on level 3 of the Dungeon.
You visited 1 branch of the dungeon, and saw 3 of its levels.

You collected 172 gold pieces.
You spent 56 gold pieces at shops.

Inventory:

Hand Weapons
 a - a +0 falchion
 e - a +0 dagger
 i - a +1 dagger of freezing
 l - a +4 spear (weapon)
Missiles
 d - 7 boomerangs of dispersal (quivered)
Armour
 b - a +0 leather armour
 f - a +0 ring mail (worn)
Scrolls
 c - a scroll of blinking
 g - a scroll of vulnerability {unknown}
 h - a scroll of torment {unknown}
 m - a scroll of enchant weapon {unknown}
 p - a scroll of teleportation
 q - 2 scrolls of immolation {unknown}
 r - a scroll of summoning {unknown}
Potions
 j - a potion of berserk rage {unknown}
 k - a potion of might {unknown}
 n - a potion of heal wounds
 o - a potion of resistance {unknown}
 s - a potion of curing {unknown}


   Skills:
 + Level 2.6 Fighting
 + Level 0.4(1.2) Short Blades
 - Level 1.9(2.0) Long Blades
 + Level 1.0 Polearms
 + Level 0.8 Throwing
 * Level 2.6 Armour
 + Level 2.0 Dodging
 + Level 0.1 Stealth
 - Level 2.0 Spellcasting
 + Level 3.2 Translocations


You had 5 spell levels left.
You knew the following spells:

 Your Spells              Type           Power      Damage    Failure   Level
a - Blink                 Tloc           22%        N/A       19%         2

Your spell library contained the following spells:

 Spells                   Type           Power      Damage    Failure   Level
 Lesser Beckoning         Tloc           22%        N/A       19%         2
 Momentum Strike          Conj/Tloc      12%        3d8       36%         2
 Teleport Other           Tloc           11%        N/A       36%         3
 Vhi's Electric Charge    Tloc/Air       12%        N/A       58%         3
 Manifold Assault         Tloc           11%        N/A       77%         4


Dungeon Overview and Level Annotations

Branches:
Dungeon (3/15)

Altars:

Shops:
D:3 ?

Annotations:
D:3 Crazy Yiuf


Innate Abilities, Weirdness & Mutations

You have a pair of small antennae on your head.
You are partially covered in large bone plates. (SH +4)


Message History

You hit the giant cockroach.
You kill the giant cockroach!
No target in view!
No target in view!
s - a blue potion You see here a giant cockroach corpse.
You see here a giant cockroach corpse.
Found a robe.
You see here a +0 robe.
Found a hammer.
Found a runed translucent door.
Crazy Yiuf shouts!
Crazy Yiuf yells, "Leather mobile chair!"
You see here a giant cockroach corpse.
Crazy Yiuf shouts!
Crazy Yiuf cries, "Candle!
Key sallow down."
You open the door.
Crazy Yiuf says, "Candle snockshim sing!"
Crazy Yiuf zaps a wand.
The puff of flame hits you.
You reach to attack!
You closely miss Crazy Yiuf. You puncture Crazy Yiuf!
Crazy Yiuf is moderately wounded.
Crazy Yiuf hits you with a +3 quarterstaff of chaos!
Crazy Yiuf draws strength from your wounds!
You hit Crazy Yiuf.
Crazy Yiuf is moderately wounded.
Crazy Yiuf hits you with a +3 quarterstaff of chaos!
You are lethally poisoned!
It was a potion of heal wounds.
You feel much better.
You feel very sick.
Crazy Yiuf says, "Goldfish testudinal cower!"
Crazy Yiuf hits you with a +3 quarterstaff of chaos.
You feel your power leaking away.
You hit Crazy Yiuf.
Crazy Yiuf is heavily wounded.
You feel very sick.
Crazy Yiuf laughs, "Two wrapper rumpyflump!"
Crazy Yiuf hits you with a +3 quarterstaff of chaos!
You are electrocuted!!
Ouch! That really hurt!
You die...

..#
###########....####.#
#.# ##..## #.# #.#
#....# #.# #.# ##...#
#.# #.##########
##.## #.#
#..........# ##.# #.#
#..######### #.## #.#
#..........# ##.# #.#
##.######### #@## #.#
#.# #g# ##.# #.# ...
#^.# #.# #...# ####
##.######### #)..#
#..........# #####
##.######### ### ####
### #..# #.#


You could see Crazy Yiuf.

Vanquished Creatures
  5 adders
  A worm (D:2)
  2 dart slugs (D:1)
  7 bats
  5 endoplasms (D:1)
  5 giant cockroaches
  2 goblins (D:1)
  6 hobgoblins
  5 jackals (D:2)
  3 quokkas
  4 ball pythons
  3 frilled lizards
  4 kobolds
  6 rats
58 creatures vanquished.

Notes
Turn   | Place    | Note
-------+----------+-------------------------------------------
     0 | D:1      | monsoonserge the Demonspawn Warper began the quest for the
                  | Orb.
     0 | D:1      | Reached XP level 1. HP: 16/16 MP: 3/3
   154 | D:1      | Reached skill level 3 in Translocations
   163 | D:1      | Gained mutation: You are partially covered in large bone
                  | plates. (SH +4) [demonic ancestry]
   163 | D:1      | Reached XP level 2. HP: 22/22 MP: 5/5
   169 | D:1      | Learned a level 2 spell: Blink
   256 | D:1      | Reached skill level 1 in Armour
   371 | D:1      | Gained mutation: You have a pair of small antennae on your
                  | head. [demonic ancestry]
   371 | D:1      | Reached XP level 3. HP: 28/28 MP: 6/6
   883 | D:2      | Reached XP level 4. HP: 16/34 MP: 7/7
  1214 | D:3      | Found Tige Wya's Magic Scroll Shop.
  1232 | D:3      | Bought a scroll of noise for 14 gold pieces
  1232 | D:3      | Bought a scroll of teleportation for 42 gold pieces
  1587 | D:3      | Reached skill level 1 in Polearms
  1933 | D:3      | Found a runed translucent door.
  1934 | D:3      | Noticed Crazy Yiuf
  2074 | D:3      | Mangled by Crazy Yiuf

Illustrated notes

Levels and vault maps discovered:
D:1:      wheals_arrival_shading, layout_basic
D:2:      layout_rooms
D:3:      layout_loops_ring, serial_shops, nicolae_shop_hallway_plus,
          uniq_crazy_yiuf_cottage

Skill      XL: |  1  2  3  4 |
---------------+-------------+-----
Translocations | 3 |  3.2
Armour         | 1 2 |  2.6
Dodging        | 2 |  2.0
Polearms       | 1 |  1.0
Fighting       | |  2.6
Short Blades   | |  0.4
Long Blades    | |  1.9
Throwing       | |  0.8
Stealth        | |  0.1
Spellcasting   | |  2.0

Action                     |  1- 3 |  4- 6 || total
---------------------------+-------+-------++-------
  Melee: Falchion          |    19 |       ||    19
         Punch             |     1 |       ||     1
         Spear             |    73 |    52 ||   125
         Dagger            |    19 |       ||    19
    Use: Potion            |       |     1 ||     1
 Armour: Ring mail         |    22 |    13 ||    35
  Dodge: Dodged            |    55 |    14 ||    69
  Block: Other             |    12 |     5 ||    17
